AoeStats
← siemen2311

Arabia

509371235Analyzed
1v1 RM · 6d ago on Sep 26, 2026· 35m 8s· 2 players
Game mode
Random Map
Map size
Tiny (2 player)
Population
200
Speed
Normal
Resources
Standard
Victory
Conquest
Starting age
Dark Age
Ending age
Imperial Age
RankedLock teamsTeams togetherTeam positionsShared explorationLock speedFull tech treeHidden civsTurbo modeCheats
Victory
Defeat
🇫🇷 Britons · France
849
+17
🇳🇱 Burgundians · Netherlands
877
-39
シ『Ph 7 DAN 犬 Zan
7:44 Loom
9:54 Feudal Age
10:33 Double-Bit Axe
13:25 Man-at-Arms
15:54 Fletching
16:05 Scale Mail Armor
23:16 Castle Age
22:06 Gold Mining
23:32 Forging
23:29 Scale Barding Armor
23:26 Horse Collar
23:35 Town Watch
23:31 Crossbowman
24:30 Pikeman
25:10 Long Swordsman
29:59 Wheelbarrow
29:35 Bow Saw
32:12 Hand Cart
siemen2311
6:42 Double-Bit Axe
6:43 Horse Collar
11:30 Loom
13:17 Feudal Age
18:21 Castle Age
16:25 Man-at-Arms
24:32 Cavalier
24:48 Elite Skirmisher
30:07 Pikeman
Connection lost

Rejoining the realm…

Still unreachable

The connection could not be restored.

Session expired

The server has moved on; the page needs a fresh start.